 Dungeon Crawl Stone Soup version 0.20-a0-830-g2c9a30d (webtiles) character file.

113 HitlerSphincter the Bolt Thrower (level 4, -2/37 HPs)
             Began as a Centaur Hunter on Mar 6, 2017.
             Slain by a worker ant (3 damage)
             ... on level 4 of the Dungeon.
             The game lasted 00:03:29 (2430 turns).

HitlerSphincter the Bolt Thrower (Centaur Hunter)   Turns: 2430, Time: 00:03:29

Health: -2/37      AC:  4    Str: 20    XL:     4   Next: 65%
Magic:  4/4        EV:  9    Int: 10    God:
Gold:   163        SH:  0    Dex: 10    Spells: 3/3 levels left

rFire    + . .     SeeInvis .   b - +0 short sword
rCold    x . .     Gourm    .   c - +0 leather armour
rNeg     . . .     Faith    .   (no shield)
rPois    .         Spirit   .   j - +0 hat
rElec    .         Reflect  .   (no cloak)
rCorr    .         Harm     .   (no gloves)
MR       .....                  (no barding)
Stlth    +.........             (no amulet)
Regen    0.2/turn               (no ring)
MPRegen  0.1/turn               m - ring of fire

@: mighty, lethally poisoned (-2 -> -13), very quick
A: hooves 3, deformed body, speed 2, tough skin 3
a: no special abilities


You were on level 4 of the Dungeon.
You were very full.

You visited 1 branch of the dungeon, and saw 4 of its levels.

You collected 163 gold pieces.

Inventory:

Hand Weapons
 a - a +1 hand crossbow
 b - a +0 short sword (weapon)
Missiles
 d - 29 bolts
Armour
 c - a +0 leather armour (worn)
 j - a +0 hat (worn)
Jewellery
 m - a ring of fire (left hand)
Scrolls
 e - 6 scrolls of identify
 i - a scroll of fog
 k - 2 scrolls of remove curse
 l - a scroll of immolation {unknown}
 o - 2 scrolls of teleportation
Comestibles
 f - a bread ration
 h - 5 royal jellies


   Skills:
 + Level 2.5 Fighting
 + Level 6.1 Crossbows
 + Level 0.5 Armour
 + Level 1.4 Dodging
 + Level 0.7 Stealth


You had 3 spell levels left.
You didn't know any spells.

Dungeon Overview and Level Annotations

Branches:
Dungeon (4/15)
 Temple: D:4-7

Altars:
Gozag
Qazlal
Ru


Innate Abilities, Weirdness & Mutations

You have hooves in place of feet.
Armour fits poorly on your strangely shaped body.
You cover ground very quickly.
You have extremely tough skin. (AC +3)


Message History

You feel very mighty all of a sudden.
You feel sick.
The worker ant bites you but does no damage.
The orc hits you with a dagger.
* * * LOW HITPOINT WARNING * * *
Wield which item (- for none, * to show all)? (? for menu, Esc to quit)
b - a +0 short sword (weapon)
You feel sick. The worker ant bites you.
* * * LOW HITPOINT WARNING * * *
You hit the worker ant. You kick the worker ant.
The worker ant is heavily wounded.
The worker ant bites you.
* * * LOW HITPOINT WARNING * * *
You are more poisoned.
The worker ant poisons you! The orc barely misses you.
You completely miss the worker ant. Your kick misses the worker ant.
The worker ant is heavily wounded.
* * * LOW HITPOINT WARNING * * *
You feel sick. The worker ant bites you.
You die...

. ..# ..
....####+##..#
#.#.....[...#
......a@#
......o..#
###(.(#+##
###. #


You could see a worker ant and an orc.

Vanquished Creatures
  The ghost of Nausicaa the Ruffian, a weakling VSMo (D:4)
  3 gnolls (D:3)
  A worm (D:2)
  3 leopard geckos
  3 giant cockroaches (D:2)
  8 goblins
  8 hobgoblins
  4 jackals (D:1)
  7 kobolds
  3 quokkas
  5 bats (D:2)
  6 frilled lizards
  13 rats
65 creatures vanquished.

Notes
Turn   | Place    | Note
-------+----------+-------------------------------------------
     0 | D:1      | HitlerSphincter the Centaur Hunter began the quest for the Orb.
     0 | D:1      | Reached XP level 1. HP: 17/17 MP: 1/1
   218 | D:1      | Reached XP level 2. HP: 24/24 MP: 2/2
   380 | D:1      | Reached skill level 5 in Crossbows
   853 | D:2      | Reached XP level 3. HP: 28/29 MP: 3/3
   867 | D:2      | Found an opulent altar of Gozag.
  1601 | D:2      | Found a sacrificial altar of Ru.
  1874 | D:3      | Reached XP level 4. HP: 37/37 MP: 4/4
  2105 | D:3      | Reached skill level 6 in Crossbows
  2171 | D:3      | Found a stormy altar of Qazlal.
  2417 | D:4      | Noticed Nausicaa's ghost (weakling VSMo)
  2423 | D:4      | Killed Nausicaa's ghost
  2430 | D:4      | HP: 1/37 [poisoned by a worker ant]
  2430 | D:4      | Slain by a worker ant

Vault maps used:
D:1:      dpeg_arrival_chase, minmay_rat_gold_closets
D:2:      grunt_gozag_breadcrumbs, first_bread, serial_bayou_pond_d,
          nicolae_ru_awakened_eye
D:3:      grunt_qazlal_sundering
D:4:      chequers_temple_overflow_statue_of_worship,
          nicolae_ossuary_entry_false_entrances, grunt_decor_arrowhead,
          uniq_grinder

Skill      XL: |  1  2  3  4 |
---------------+-------------+-----
Crossbows      | 5 6 |  6.1
Fighting       | |  2.5
Armour         | |  0.5
Dodging        | |  1.4
Stealth        | |  0.7

Action                   |  1- 3 |  4- 6 || total
-------------------------+-------+-------++-------
Melee: Short sword       |       |     2 ||     2
       Kick              |       |     1 ||     1
 Fire: Hand crossbow     |   135 |    35 ||   170
  Use: Scroll            |     5 |       ||     5
       Potion            |       |     5 ||     5
  Eat: Bread ration      |     2 |       ||     2
Armor: Leather armour    |    16 |     3 ||    19
Dodge: Dodged            |    17 |     9 ||    26
